 Dungeon Crawl Stone Soup version 0.31-b1-22-gc680215f68 (webtiles) character file.

Game seed: 18261935350732526518

662 monsoonserge the Ruffian (level 7, -5/53 HPs)
             Began as a Gnoll Shapeshifter on Jan 18, 2024.
             Was an Initiate of Okawaru.
             Killed from afar by a white imp (11 damage)
             ... with a puff of frost
             ... on level 5 of the Dungeon.
             The game lasted 00:10:20 (3890 turns).

monsoonserge the Ruffian (Gnoll Shapeshifter)       Turns: 3890, Time: 00:10:21

Health: -5/53      AC:  3    Str: 15    XL:     7   Next: 56%
Magic:  10/11      EV: 17    Int: 10    God:    Okawaru [......]
Gold:   142        SH:  0    Dex: 11    Spells: 11/11 levels left

rFire   . .          .
                       - Unarmed
rCold   . . .        (shield currently unavailable)
rNeg    . . .        r - melded +0 leather armour {rPois}
rPois   .            t - +2 hat
rElec   .            (no cloak)
rCorr   .            k - +0 pair of gloves
SInv    .            (no boots)
Will    .....        (no amulet)
Stlth   +            (no ring)
HPRegen 0.28/turn    (no ring)
MPRegen 0.12/turn

%: no passive effects
@: flux-form, glowing
A: glow, contaminating, fangs 1, strong nose, distributed training
a: Begin Untransformation, Renounce Religion


You were on level 5 of the Dungeon.
You worshipped Okawaru.
Okawaru was noncommittal.
You were something dangerously unstable.
You visited 2 branches of the dungeon, and saw 6 of its levels.

You collected 142 gold pieces.

Inventory:

Hand Weapons
 u - a +4 whip
 v - a +1 whip of draining
 y - a +1 mace of protection
Missiles
 j - 5 poisoned darts (quivered)
 A - a javelin
 B - a throwing net
Armour
 k - a +0 pair of gloves (worn)
 o - the +4 ring mail of Desypp {Rampage +Blink rCorr Dex-4}
   (You found it on level 3 of the Dungeon)

   Dex-4:     It affects your dexterity (-4).
   +Blink:    It lets you blink.
   rCorr:     It protects you from acid and corrosion.
   Rampage:   It bestows one free step when moving towards enemies.
 r - a +0 leather armour of poison resistance (melded)
 s - an orb of energy
 t - a +2 hat (worn)
Magical Staves
 q - a staff of cold
Jewellery
 w - a ring of ice
Talismans
 c - a beast talisman
 d - a flux talisman (active)
Wands
 D - a wand of flame (18)
Scrolls
 a - a scroll of enchant armour {unknown}
 e - a scroll of brand weapon {unknown}
 f - a scroll of fog {unknown}
 h - 4 scrolls of identify {unknown}
 m - a scroll of poison {unknown}
 n - 2 scrolls of teleportation {unknown}
 p - 2 scrolls of noise {unknown}
 x - a scroll of enchant weapon {unknown}
Potions
 b - 3 potions of lignification
 g - 2 potions of curing {unknown}
 i - a potion of heal wounds {unknown}
 l - a potion of ambrosia {unknown}
 z - a potion of berserk rage {unknown}
 C - a potion of degeneration {unknown}
 E - a potion of invisibility {unknown}


   Skills:
 + Level 3.7 Fighting
 + Level 2.6 Short Blades
 + Level 2.6 Long Blades
 + Level 2.6 Axes
 + Level 2.6 Maces & Flails
 + Level 2.6 Polearms
 + Level 2.6 Staves
 + Level 2.6 Ranged Weapons
 + Level 2.6 Throwing
 + Level 2.6 Armour
 + Level 5.3 Dodging
 + Level 2.6 Stealth
 + Level 2.6 Shields
 + Level 7.1 Unarmed Combat
 + Level 2.6 Spellcasting
 + Level 2.1 Conjurations
 + Level 2.1 Hexes
 + Level 2.1 Summonings
 + Level 2.1 Necromancy
 + Level 2.1 Translocations
 + Level 2.1 Fire Magic
 + Level 2.1 Ice Magic
 + Level 2.1 Air Magic
 + Level 2.1 Earth Magic
 + Level 2.1 Alchemy
 + Level 3.0 Invocations
 + Level 2.6 Evocations
 + Level 7.0 Shapeshifting


You had 11 spell levels left.
You didn't know any spells.
Your spell library contained the following spells:

 Spells                   Type           Power      Damage    Failure   Level
 Lesser Beckoning         Tloc           10%        N/A       19%         2
 Sublimation of Blood     Necr           5%         N/A       19%         2
 Frozen Ramparts          Ice            10%        1d2       34%         3
 Gell's Gravitas          Tloc           5%         N/A       34%         3
 Teleport Other           Tloc           5%         N/A       34%         3
 Leda's Liquefaction      Alch/Erth      2%         N/A       75%         4
 Petrify                  Alch/Erth      5%         N/A       75%         4
 Irradiate                Conj/Alch      2%         3d12      97%         5
 Metabolic Englaciation   Hex/Ice        2%         N/A       97%         5


Dungeon Overview and Level Annotations

Branches:
Dungeon (5/15)             Temple (1/1) D:4

Altars:
Ashenzari
Cheibriados
Dithmenos
Fedhas
Gozag
Kikubaaqudgha
Makhleb
Nemelex Xobeh
Okawaru
Qazlal
Ru
Sif Muna
Vehumet
Wu Jian
Xom
Zin
The Shining One

Shops:
D:4 ((   D:5 !


Innate Abilities, Weirdness & Mutations

You are something dangerously unstable.
You glow with magical radiation, making you easy to see and hit.
Foes you strike become dangerously contaminated with magical radiation.
You are incapable of wielding weapons or throwing items.
You have very sharp teeth.
Your uncanny sense of smell can sniff out nearby items.
Your experience applies equally to all skills.


Message History

Blork the orc is severely wounded.
Blork the orc hits you with a +0 short sword. x2
You hit Blork the orc but do no damage.
Blork the orc begins to glow.
Blork the orc is severely wounded.
Blork the orc hits you with a +0 short sword.
* * * LOW HITPOINT WARNING * * *
Unknown command.
Okay, then.
You hit Blork the orc.
Blork the orc glows dangerously bright.
Blork the orc is severely wounded.
Blork the orc points at you and mumbles some strange words.
The puff of flame misses you. Blork the orc misses you.
You hit Blork the orc.
Blork the orc shudders as magic cascades through him.
Blork the orc twists and deforms.
Blork the orc is almost dead.
Blork the orc closely misses you.
You punch Blork the orc!
You kill Blork the orc!
Okawaru accepts your kill. The white imp gestures at you.
The puff of frost hits you.
* * * LOW HITPOINT WARNING * * *
Your Invocations skill increases to level 3!
Found a fuming purple potion.
The white imp gestures at you. The puff of frost misses you.
The white imp closely misses you.
You closely miss the white imp. The white imp hits you.
* * * LOW HITPOINT WARNING * * *
The white imp freezes you.
* * * LOW HITPOINT WARNING * * *
You hit the white imp.
The white imp begins to glow.
The white imp is moderately wounded.
The white imp hits you but does no damage.
You hit the white imp.
The white imp glows dangerously bright.
The white imp is heavily wounded.
The white imp gestures at you. The puff of frost hits you!
You die...

#...##.#.#
#...##.#.# ####
#...##.#.##.....
###..††.......###.
#.................
#.#.#.##..#######.
#.#.#.##..# #
#.#.##..#
#....#p#.[#
#!#.###5..# #.!
..# ##..#..... #.#
#......# #.
#..?.!..[.. #
#.........##
....#o.#.#.#
.........#.#.# ###
#####.#.#### # ..#


You could see a white imp (heavy contam).

Vanquished Creatures
  An ogre (D:5)
  Blork the orc (D:5)
  A bullfrog (D:4)
  A bombardier beetle (D:4)
  2 hounds
  2 sleepcaps (D:5)
  An iguana (D:4)
  An orc wizard (D:4)
  3 gnolls (D:5)
  12 adders
  2 ufetubi (D:5)
  2 ribbon worms (D:2)
  4 dart slugs
  6 orcs
  10 bats
  9 endoplasms
  2 giant cockroaches
  8 goblins
  6 hobgoblins
  8 jackals
  2 quokkas
  3 training dummies (D:4)
  8 ball pythons
  2 frilled lizards
  5 kobolds
  6 rats
108 creatures vanquished.

Notes
Turn   | Place    | Note
-------+----------+-------------------------------------------
     0 | D:1      | monsoonserge the Gnoll Shapeshifter began the quest for the
                  | Orb.
     0 | D:1      | Reached XP level 1. HP: 17/17 MP: 1/1
   123 | D:1      | Reached XP level 2. HP: 19/23 MP: 2/2
   270 | D:1      | Reached XP level 3. HP: 15/28 MP: 3/3
   388 | D:1      | Reached skill level 1 in Invocations
   682 | D:2      | Reached skill level 1 in Short Blades
   682 | D:2      | Reached skill level 1 in Long Blades
   682 | D:2      | Reached skill level 1 in Axes
   682 | D:2      | Reached skill level 1 in Maces & Flails
   682 | D:2      | Reached skill level 1 in Polearms
   682 | D:2      | Reached skill level 1 in Staves
   682 | D:2      | Reached skill level 1 in Ranged Weapons
   682 | D:2      | Reached skill level 1 in Throwing
   682 | D:2      | Reached skill level 1 in Armour
   682 | D:2      | Reached skill level 1 in Stealth
   682 | D:2      | Reached skill level 1 in Shields
   682 | D:2      | Reached skill level 1 in Spellcasting
   682 | D:2      | Reached skill level 1 in Evocations
   896 | D:2      | Reached XP level 4. HP: 23/34 MP: 5/5
  1006 | D:2      | Reached skill level 1 in Conjurations
  1006 | D:2      | Reached skill level 1 in Hexes
  1006 | D:2      | Reached skill level 1 in Summonings
  1006 | D:2      | Reached skill level 1 in Necromancy
  1006 | D:2      | Reached skill level 1 in Translocations
  1006 | D:2      | Reached skill level 1 in Fire Magic
  1006 | D:2      | Reached skill level 1 in Ice Magic
  1006 | D:2      | Reached skill level 1 in Air Magic
  1006 | D:2      | Reached skill level 1 in Earth Magic
  1006 | D:2      | Reached skill level 1 in Alchemy
  1730 | D:3      | Reached XP level 5. HP: 38/40 MP: 5/7
  1735 | D:3      | Found a sparkling altar of Nemelex Xobeh.
  1755 | D:3      | Identified the +4 ring mail of Desypp {Rampage +Blink rCorr
                  | Dex-4}
  2079 | D:3      | Found a faded altar of an unknown god.
  2281 | D:3      | Found a shimmering blue altar of Sif Muna.
  2653 | D:4      | Found an ancient bone altar of Kikubaaqudgha.
  2739 | D:4      | Found Jomylir's Antique Weapon Boutique.
  2824 | D:4      | Found a staircase to the Ecumenical Temple.
  2832 | D:4      | Reached XP level 6. HP: 37/47 MP: 8/8
  2834 | Temple   | Entered the Ecumenical Temple
  2845 | Temple   | Became a worshipper of Warmaster Okawaru
  2873 | D:4      | Reached skill level 5 in Dodging
  3157 | D:4      | Found Qeycwan's Firing Range.
  3383 | D:5      | Entered Level 5 of the Dungeon
  3488 | D:5      | Reached XP level 7. HP: 20/52 MP: 10/10
  3762 | D:5      | Found Odenunocs's Distillery.
  3862 | D:5      | Noticed Blork the orc
  3883 | D:5      | Killed Blork the orc
  3890 | D:5      | Killed from afar by a white imp

Illustrated notes

Levels and vault maps discovered:
D:1:      ldierk_walled_garden, layout_rooms
D:2:      layout_loops_corners, nicolae_figureground_sparkle
D:3:      layout_loops_ring, led_sif_pool,
          mainiacjoe_overflow_concentric_impassable, serial_rivers,
          chequers_serial_rivers_large_b, chequers_serial_rivers_marsh,
          chequers_serial_rivers_micro_d, chequers_serial_rivers_small_b,
          chequers_serial_rivers_micro_d, dreamdust_ecumenical_altar_statues
D:4:      layout_loops_ring, old_standard_altar, minmay_temple_entry_trees,
          serial_shops, nicolae_lakefront_shop, nicolae_shop_firing_range
D:5:      layout_loops_ring, serial_shops, shop, nicolae_shop_statue_plus, shop,
          serial_library, serial_library_hellmonk_room_a,
          serial_library_hellmonk_hallway_b, serial_library_hellmonk_room_a,
          serial_library_hellmonk_layered_room,
          serial_library_hellmonk_hallway_a, uniq_blork_the_orc
Temple:   eino_temple_water

Skill      XL: |  1  2  3  4  5  6  7 |
---------------+----------------------+-----
Invocations    | 1 2 3 |  3.0
Short Blades   | 1 2 |  2.6
Long Blades    | 1 2 |  2.6
Axes           | 1 2 |  2.6
Maces & Flails | 1 2 |  2.6
Polearms       | 1 2 |  2.6
Staves         | 1 2 |  2.6
Ranged Weapons | 1 2 |  2.6
Throwing       | 1 2 |  2.6
Armour         | 1 2 |  2.6
Stealth        | 1 2 |  2.6
Shields        | 1 2 |  2.6
Spellcasting   | 1 2 |  2.6
Evocations     | 1 2 |  2.6
Conjurations   | 1 2 |  2.1
Hexes          | 1 2 |  2.1
Summonings     | 1 2 |  2.1
Necromancy     | 1 2 |  2.1
Translocations | 1 2 |  2.1
Fire Magic     | 1 2 |  2.1
Ice Magic      | 1 2 |  2.1
Air Magic      | 1 2 |  2.1
Earth Magic    | 1 2 |  2.1
Alchemy        | 1 2 |  2.1
Fighting       | 3 |  3.7
Dodging        | 5 |  5.3
Unarmed Combat | 7 |  7.1
Shapeshifting  | 7 |  7.0

Action                     |  1- 3 |  4- 6 |  7- 9 || total
---------------------------+-------+-------+-------++-------
  Melee: Unarmed           |   116 |   187 |    51 ||   354
         Bite              |    15 |    22 |    10 ||    47
 Armour: Skin              |    44 |    58 |    27 ||   129
  Dodge: Dodged            |   140 |   150 |    46 ||   336
   Form: Flux              |     1 |     1 |       ||     2
         Beast             |       |     1 |       ||     1
